 Dungeon Crawl Stone Soup version 0.25.1-4-g9407a263a5 (webtiles) character file.

Game seed: 16523197300250206228

4389 Glamhuggeren the Carver (level 10, -1/90 HPs)
             Began as a Minotaur Fighter on Nov 25, 2020.
             Was an Elder of Okawaru.
             Slain by a death yak (15 damage)
             ... on level 9 of the Dungeon.
             The game lasted 00:22:49 (7913 turns).

Glamhuggeren the Carver (Minotaur Fighter)          Turns: 7913, Time: 00:22:50

Health: -1/90      AC: 12    Str: 25    XL:     10   Next: 13%
Magic:  7/9        EV: 12    Int:  5    God:    Okawaru [****..]
Gold:   477        SH:  6    Dex:  9    Spells: 9/9 levels left

rFire    . . .     SeeInvis .   a - +1 long sword
rCold    . . .     Gourm    .   n - +0 buckler
rNeg     . . .     Faith    .   F - +2 scale mail {MR+}
rPois    .         Spirit   .   b - +2 hat
rElec    .         Reflect  .   N - scarf {+Inv}
rCorr    .         Harm     .   (no gloves)
MR       +....                  (no boots)
Stlth    +.........             B - amulet of the acrobat
HPRegen  0.25/turn              (no ring)
MPRegen  0.11/turn              (no ring)

@: heroism
A: retaliatory headbutt, horns 2
a: Heroism, Renounce Religion, Evoke Invisibility


You were on level 9 of the Dungeon.
You worshipped Okawaru.
Okawaru was greatly pleased with you.
You were not hungry.

You visited 2 branches of the dungeon, and saw 10 of its levels.

You collected 492 gold pieces.
You spent 15 gold pieces at shops.

Inventory:

Hand Weapons
 a - a +1 long sword (weapon)
 L - a +0 hunting sling
Missiles
 h - 261 stones
 m - 7 atropa-tipped darts
 r - 266 arrows
 v - 116 sling bullets
 z - 37 poisoned darts (quivered)
 D - 49 bolts
 E - 2 boomerangs
 R - 3 javelins
Armour
 b - a +2 hat (worn)
 c - a +0 kite shield
 n - a +0 buckler (worn)
 F - a +2 scale mail of magic resistance (worn)
 N - a scarf of invisibility (worn)
Jewellery
 B - an amulet of the acrobat (around neck)
Wands
 G - a wand of enslavement (5)
 J - a wand of random effects (19)
 K - a wand of flame (8)
Scrolls
 g - 3 scrolls of teleportation
 i - a scroll of blinking
 j - 2 scrolls of enchant weapon
 q - 11 scrolls of identify
 w - 2 scrolls of remove curse
 x - 2 scrolls of magic mapping {unknown}
 y - 4 scrolls of fog {unknown}
 A - a scroll of immolation {unknown}
 H - 2 scrolls of enchant armour {unknown}
 I - a scroll of amnesia {unknown}
 P - a scroll of random uselessness {unknown}
 S - a scroll of summoning {unknown}
Potions
 e - 3 potions of stabbing
 l - a potion of flight {unknown}
 o - a potion of haste
 p - 3 potions of heal wounds {unknown}
 s - a potion of curing {unknown}
 t - a potion of ambrosia {unknown}
 u - 2 potions of lignification {unknown}
 C - 3 potions of cancellation {unknown}
 M - a potion of invisibility {unknown}
 O - a potion of magic {unknown}
 Q - a potion of mutation {unknown}
Comestibles
 f - 16 rations


   Skills:
 + Level 8.9(13.9) Fighting
 - Level 14.0(19.0) Long Blades
 + Level 5.6(10.6) Armour
 + Level 5.6(10.6) Shields


You had 9 spell levels left.
You didn't know any spells.
Your spell library contained the following spells:

 Spells                   Type           Power        Failure   Level  Hunger
 Animate Skeleton         Necr           N/A          71%         1    ##.....
 Apportation              Tloc           #.....       71%         1    ##.....
 Corona                   Hex            #......      71%         1    ##.....
 Summon Small Mammal      Summ           #...         71%         1    ##.....
 Ensorcelled Hibernation  Hex/Ice        #.....       85%         2    ###....
 Confusing Touch          Hex            #.......     97%         3    ####...
 Dazzling Flash           Conj/Hex       #.....       97%         3    ####...
 Gell's Gravitas          Tloc           #.........   97%         3    ####...
 Tukima's Dance           Hex            #.......     97%         3    ####...
 Petrify                  Tmut/Erth      #.......     100%        4    #####..
 Metabolic Englaciation   Hex/Ice        #.........   100%        5    ######.
 Yara's Violent Unravell  Hex/Tmut       #.........   100%        5    ######.


Dungeon Overview and Level Annotations

Branches:
Dungeon (9/15)             Temple (1/1) D:4            Lair (0/6) D:9
    Orc: D:9-12

Altars:
Ashenzari
Cheibriados
Dithmenos
Elyvilon
Fedhas
Gozag
Hepliaklqana
Kikubaaqudgha
Makhleb
Nemelex Xobeh
Okawaru
Qazlal
Ru
Sif Muna
Trog
Uskayaw
Vehumet
Wu Jian
Xom
Yredelemnul
Zin
The Shining One

Shops:
D:7 !


Innate Abilities, Weirdness & Mutations

You reflexively headbutt those who attack you in melee.
You have a pair of horns on your head.


Message History

The death yak is heavily wounded.
You block the death yak's attack.
You hit the death yak. Your headbutt misses the death yak.
The death yak is heavily wounded.
The death yak gores you but does no damage.
You hit the death yak but do no damage. Your headbutt misses the death yak.
The death yak is heavily wounded.
You barely miss the death yak. Your headbutt misses the death yak.
The death yak is heavily wounded.
The death yak misses you. You furiously retaliate!
You headbutt the death yak! You slash the death yak!
The death yak is severely wounded.
The death yak gores you!!
* * * LOW HITPOINT WARNING * * *
You hit the death yak but do no damage.
The death yak is heavily wounded.
You barely miss the death yak. You headbutt the death yak!
The death yak is severely wounded.
The death yak gores you!
You die...

#........ #.
#......o..#.
#.........#.
#.###### #......#
#.[...>####
#..)...$...
#.รท...##### ...#
#..@Y.# ...# #..)(.#
...# #.....# ...#
#.....# ...#####
#.....#
..........r........#
...................#
<..................#
...................#


You could see a death yak.

Vanquished Creatures
  2 death yaks (D:9)
  Maggie (D:8)
  A hornet (D:7)
  A hippogriff (D:9)
  Sigmund (D:6)
  A vampire (D:9)
  2 humans (D:7)
  Edmund (D:6)
  Duvessa (D:6)
  A porcupine (D:9)
  An orc warrior (D:9)
  An ogre (D:8)
  2 centaurs
  3 bullfrogs (D:8)
  Dowan (D:6)
  2 scorpions
  3 howler monkeys
  A crimson imp (D:7)
  A centaur zombie (D:7)
  A quasit (D:9)
  3 hounds
  A jelly (D:8)
  An orc priest (D:4)
  3 orc wizards
  3 bullfrog skeletons
  2 iguanas
  A hell rat (D:9)
  2 worker ants
  2 hound zombies
  A howler monkey zombie (D:2)
  7 adders
  2 shadow imps (D:5)
  3 oozes
  7 adder skeletons
  A dart slug (D:2)
  A worm (D:4)
  4 leopard geckos
  9 orcs
  4 bats
  6 giant cockroaches
  4 goblins
  6 hobgoblins
  14 jackals
  5 quokkas
  3 ball pythons
  2 frilled lizards (D:1)
  A jackal skeleton (D:8)
  5 kobolds
  A leopard gecko skeleton (D:4)
  A quokka skeleton (D:7)
  8 rats
141 creatures vanquished.

Notes
Turn   | Place    | Note
-------+----------+-------------------------------------------
     0 | D:1      | Glamhuggeren the Minotaur Fighter began the quest for the
                  | Orb.
     0 | D:1      | Reached XP level 1. HP: 19/19 MP: 0/0
   212 | D:1      | Reached XP level 2. HP: 27/27 MP: 1/1
   506 | D:1      | Reached skill level 3 in Long Blades
   671 | D:2      | Found a sacrificial altar of Ru.
   689 | D:2      | Reached XP level 3. HP: 33/33 MP: 2/2
   725 | D:2      | Reached skill level 4 in Long Blades
   994 | D:2      | Found a white marble altar of Elyvilon.
  1021 | D:2      | Reached XP level 4. HP: 30/40 MP: 3/3
  1218 | D:2      | Found a hazy altar of Hepliaklqana.
  1267 | D:2      | Reached skill level 5 in Long Blades
  2055 | D:3      | Found a faded altar of an unknown god.
  2177 | D:4      | Reached XP level 5. HP: 46/46 MP: 4/4
  2188 | D:4      | Reached skill level 6 in Long Blades
  2459 | D:4      | Reached skill level 7 in Long Blades
  2459 | D:4      | Reached XP level 6. HP: 40/52 MP: 5/5
  2748 | D:4      | Found a staircase to the Ecumenical Temple.
  2999 | D:5      | Entered Level 5 of the Dungeon
  3027 | D:5      | Found a shattered altar of Ashenzari.
  3143 | Temple   | Entered the Ecumenical Temple
  3179 | Temple   | Became a worshipper of Warmaster Okawaru
  3266 | D:5      | Reached skill level 8 in Long Blades
  3459 | D:5      | Found a glowing silver altar of Zin.
  3766 | D:6      | Noticed Sigmund
  3788 | D:6      | Killed Sigmund
  3788 | D:6      | Reached * piety under Okawaru
  3788 | D:6      | Reached skill level 9 in Long Blades
  3788 | D:6      | Reached XP level 7. HP: 7/59 MP: 6/6
  4086 | D:6      | Noticed Duvessa
  4087 | D:6      | Noticed Dowan
  4103 | D:6      | Killed Duvessa
  4108 | D:6      | Killed Dowan
  4108 | D:6      | Reached skill level 10 in Long Blades
  4548 | D:6      | Noticed Edmund
  4557 | D:6      | Killed Edmund
  4558 | D:6      | Found an opulent altar of Gozag.
  4696 | D:7      | Reached XP level 8. HP: 66/66 MP: 7/7
  4732 | D:7      | Reached skill level 11 in Long Blades
  4849 | D:7      | Noticed a hornet
  4854 | D:7      | Killed a hornet
  4854 | D:7      | Reached ** piety under Okawaru
  4931 | D:7      | Found an iron altar of Okawaru.
  4953 | D:7      | Found Ubrychy's Distillery.
  4961 | D:7      | Bought a potion of degeneration for 15 gold pieces
  5197 | D:7      | Reached skill level 5 in Fighting
  5209 | D:7      | Reached skill level 12 in Long Blades
  5990 | D:8      | Noticed Maggie
  6010 | D:8      | Killed Maggie
  6010 | D:8      | Reached XP level 9. HP: 48/78 MP: 8/8
  6252 | D:8      | Reached skill level 13 in Long Blades
  6450 | D:8      | Reached *** piety under Okawaru
  6651 | D:9      | Noticed a two-headed ogre
  6675 | D:9      | Found a staircase to the Lair.
  6675 | D:9      | Noticed a death yak
  6675 | D:9      | Noticed a death yak
  6676 | D:9      | Noticed a death yak
  7575 | D:9      | Killed a death yak
  7575 | D:9      | Reached **** piety under Okawaru
  7575 | D:9      | Reached skill level 14 in Long Blades
  7575 | D:9      | Reached skill level 5 in Armour
  7575 | D:9      | Reached skill level 5 in Shields
  7588 | D:9      | Killed a death yak
  7588 | D:9      | Reached XP level 10. HP: 12/90 MP: 7/9
  7913 | D:9      | Slain by a death yak

Illustrated notes

Levels and vault maps discovered:
D:1:      saegor_arrival_simple_a, layout_basic, serial_bayou_crossing
D:2:      layout_loops_cross, elyvilon_altar_3,
          nicolae_ru_great_annihilating_truth, lemuel_coloured_pillars_altar
D:3:      layout_rooms, chequers_ecumenical_altar_lobes
D:4:      wad_crossroads, layout_rooms, minmay_temple_entry_from_below_a
D:5:      layout_loops_cross, nicolae_ashenzari_panopticon, zin_academy,
          first_ration
D:6:      layout_rooms, lemuel_crystal_altar, uniq_sigmund, uniq_duvessa,
          uniq_edmund
D:7:      layout_gridville, serial_shops, nicolae_shop_behind_doors,
          okawaru_humans
D:8:      layout_loops_ring, uniq_maggie
D:9:      lemuel_ice_statue, layout_irregular_city, dpeg_lair_monsters,
          serial_column_ruins, column_ruins_hut_pillars,
          column_ruins_hut_ruined, column_ruins_open_small_water,
          column_ruins_grid_1, column_ruins_open_medium,
          column_ruins_open_small, column_ruins_columns_straight,
          column_ruins_open_large, column_ruins_open_small,
          hangedman_decor_lopped
Temple:   compressed_dpeg_circular_temple

Skill      XL: |  1  2  3  4  5  6  7  8  9 |
---------------+----------------------------+-----
Long Blades    | 3 4 5 7 9 10 12 14 | 14.0
Fighting       | 4 6 8 |  8.9
Armour         | 4 5 |  5.6
Shields        | 4 5 |  5.6

Action                   |  1- 3 |  4- 6 |  7- 9 | 10-12 || total
-------------------------+-------+-------+-------+-------++-------
Melee: Long sword        |    67 |   125 |   258 |    11 ||   461
       Headbutt          |     8 |    21 |    60 |     3 ||    92
Throw: Stone             |       |       |     1 |       ||     1
       Dart              |       |       |     7 |       ||     7
Invok: Heroism           |       |       |     2 |     1 ||     3
  Use: Potion            |       |     1 |     3 |       ||     4
       Scroll            |       |       |     6 |       ||     6
 Stab: Paralysed         |     2 |       |       |       ||     2
  Eat: Chunk             |       |     8 |     8 |       ||    16
       Ration            |       |     1 |       |     1 ||     2
Armor: Scale mail        |    38 |    45 |    92 |     1 ||   176
Dodge: Dodged            |    27 |    64 |    91 |     2 ||   184
Block: Kite shield       |    12 |       |       |       ||    12
       Buckler           |     9 |    23 |    48 |     1 ||    81
       Rpst.: Long sword |     9 |    14 |    25 |       ||    48
